 Dungeon Crawl Stone Soup version 0.27-a0-732-ga892ba84f6 (webtiles) character file.

Game seed: 6994026968523275964

18 dracos369 the Slasher (level 2, -6/23 HPs)
             Began as a Djinni Gladiator on Mar 23, 2021.
             Killed by Freeze
             ... invoked by an ooze
              (7 damage)
             ... on level 1 of the Dungeon.
             The game lasted 00:01:16 (420 turns).

dracos369 the Slasher (Djinni Gladiator)             Turns: 420, Time: 00:01:16

Health: -6/23      AC:  4    Str: 13    XL:     2   Next: 70%
Magic:  0/0        EV: 12    Int:  9    God:
Gold:   0          SH:  0    Dex: 14    Spells: 1/1 levels left

rFire    + + .     SeeInvis .   a - +0 long sword
rCold    x . .     Faith    .   (no shield)
rNeg     . . .     Spirit   .   b - +0 leather armour
rPois    ∞         Reflect  .   c - +0 helmet
rElec    .         Harm     .   (no cloak)
rCorr    .         Rampage  .   (no gloves)
Will     .....                  (boots unavailable)
Stlth    +.........             (no amulet)
HPRegen  0.07/turn              (no ring)
MPRegen  0.00/turn              (no ring)

@: flying
A: fire resistance 2, cold vulnerability 1, float, innate caster, hp casting,
extra vitality 1
a: no special abilities


You were on level 1 of the Dungeon.
You visited 1 branch of the dungeon, and saw 1 of its levels.

Inventory:

Hand Weapons
 a - a +0 long sword (weapon)
 e - a +1 dagger of holy wrath
Missiles
 d - 3 throwing nets (quivered)
Armour
 b - a +0 leather armour (worn)
 c - a +0 helmet (worn)


   Skills:
 - Level 2.0 Fighting
 + Level 3.9 Long Blades
 - Level 1.7 Throwing
 - Level 3.2 Dodging


You had one spell level left.
You didn't know any spells.
Your spell library was empty.

Dungeon Overview and Level Annotations

Branches:
Dungeon (1/15)

Altars:


Innate Abilities, Weirdness & Mutations

You are immune to poison.
Your flesh is very heat resistant. (rF++)
You are vulnerable to cold. (rC-)
You float through the air rather than walking.
You learn spells naturally, not from books.
Your magical power is your life essence.
You have superior vitality. (+4 HP)


Message History

You kill the giant cockroach!
You hit the goblin.
You kill the goblin!
You barely miss the frilled lizard.
The frilled lizard bites you but does no damage. x2
You don't know any spells.
You closely miss the frilled lizard.
The frilled lizard bites you but does no damage.
You hit the frilled lizard.
You kill the frilled lizard!
You hit the kobold.
You kill the kobold!
You barely miss the hobgoblin. The hobgoblin hits you.
* * * LOW HITPOINT WARNING * * *
You barely miss the hobgoblin. The hobgoblin closely misses you.
You riposte.
You barely miss the hobgoblin. You completely miss the hobgoblin.
The hobgoblin hits you.
* * * LOW HITPOINT WARNING * * *
The hobgoblin barely misses you.
You hit the hobgoblin.
The hobgoblin is lightly wounded.
The hobgoblin barely misses you.
You riposte.
You slash the hobgoblin!
You kill the hobgoblin!
Things that are here:
a +0 short sword; a +0 dagger; a goblin corpse You start resting.
An ooze comes into view.
An ooze is nearby!
The ooze quivers.
You see here a ball python corpse.
You hit the ooze.
The ooze is moderately wounded.
The ooze freezes you.
You are frozen.
* * * LOW HITPOINT WARNING * * *
You barely miss the ooze.
The ooze is moderately wounded.
The ooze freezes you.
You are frozen.
You die...

#......# #### #......### #..##
#........### #...#
#......#.†>#####†.# ###
#......##....####.###..
###......##..........>#..
.........................
.)......####..####....#..
........@.##'#######'###+
########J.#...#...#...#..
#..#...'...'...+..
#..#...#...#...#..
#..##'###########'
#..#...#...#...#..
#..#.⌠.#.<.'...'..
################..#...#...#...#..
#..........).....###+###+###'###+


You could see an ooze.

Vanquished Creatures
  4 bats (D:1)
  A giant cockroach (D:1)
  2 goblins (D:1)
  2 hobgoblins (D:1)
  3 kobolds (D:1)
  A quokka (D:1)
  A ball python (D:1)
  A frilled lizard (D:1)
  A rat (D:1)
16 creatures vanquished.

Notes
Turn   | Place    | Note
-------+----------+-------------------------------------------
     0 | D:1      | dracos369 the Djinni Gladiator began the quest for the Orb.
     0 | D:1      | Reached XP level 1. HP: 18/18 MP: 0/0
   100 | D:1      | Reached XP level 2. HP: 21/23 MP: 0/0
   419 | D:1      | HP: 1/23 [ooze/Freeze (6)]
   420 | D:1      | Killed from afar by an ooze

Illustrated notes

Levels and vault maps discovered:
D:1:      co_arrival_random_square_maze, layout_rooms

Action                   || total
-------------------------++-------
Melee: Long sword        ||    49
 Stab: Sleeping          ||     2
Armor: Leather armour    ||    18
Dodge: Dodged            ||    36
       Rpst.: Long sword ||    12

Table legend: (Time is in decaauts)
 A = Elapsed time spent in this place.
 B = Non-inter-level travel time spent in this place.
 C = Inter-level travel time spent in this place.
 D = Time resting spent in this place.
 E = Time spent auto-exploring this place.
 F = Levels seen in this place.
 G = Mean time per level.
                   A        B        C        D        E       F      G
               +--------+--------+--------+--------+--------+-----+--------+
         Total |    430 |    430 |      0 |     30 |    278 |   1 |  430.0 |
       Dungeon |    430 |    430 |      0 |     30 |    278 |   1 |  430.0 |
               +--------+--------+--------+--------+--------+-----+--------+

Top non-repeatable levels by time:
     D:1: 430 daAuts
